 Dungeon Crawl Stone Soup version 0.21-b1-23-g1fb0a74 (console) character file.

620 toffzen the Frost Mage (level 7, 0/48 HPs)
             Began as a Merfolk Ice Elementalist on Jan 5, 2018.
             Slain by a centaur (6 damage)
             ... on level 5 of the Dungeon.
             The game lasted 00:24:24 (5541 turns).

toffzen the Frost Mage (Merfolk Ice Elementalist)   Turns: 5541, Time: 00:24:25

Health: 0/48       AC:  2    Str:  8    XL:     7   Next: 46%
Magic:  6/10       EV: 13    Int: 16    God:
Gold:   218        SH:  0    Dex: 15    Spells: 0/10 levels left

rFire    . . .     SeeInvis .   o - +1 dagger
rCold    . . .     Gourm    .   (no shield)
rNeg     . . .     Faith    .   a - +0 robe
rPois    .         Spirit   .   (no helmet)
rElec    .         Reflect  .   r - scarf {cloud immunity}
rCorr    .         Harm     .   (no gloves)
MR       .....                  (no boots)
Stlth    ++........             (no amulet)
HPRegen  0.16/turn              (no ring)
MPRegen  0.12/turn              (no ring)

@: no status effects
A: change form in water, swift swim, stealthy swim
a: no special abilities


You were on level 5 of the Dungeon.
You were not hungry.

You visited 1 branch of the dungeon, and saw 5 of its levels.

You collected 293 gold pieces.
You spent 75 gold pieces at shops.

Inventory:

Hand Weapons
 e - a cursed +0 club
 m - a +0 mace
 o - a +1 dagger (weapon)
 p - a +0 war axe
 B - a +0 flail
Missiles
 j - 29 poisoned needles
 u - 79 stones (quivered)
 v - 65 sling bullets
Armour
 a - a +0 robe (worn)
 r - a scarf of cloud immunity (worn)
 s - a +2 leather armour of poison resistance
Jewellery
 A - an uncursed ring of poison resistance {unknown}
Wands
 y - a wand of paralysis (7)
 C - a wand of iceblast (9)
 G - a wand of enslavement (19)
Scrolls
 d - a scroll of fear {unknown}
 k - a scroll of enchant weapon
 l - a scroll of amnesia {unknown}
 n - 2 scrolls of immolation
 q - 2 scrolls of teleportation {unknown}
 t - 2 scrolls of identify
 w - a scroll of random uselessness {unknown}
 D - a scroll of magic mapping {unknown}
Potions
 f - a potion of agility
 g - a potion of flight {unknown}
 h - 2 potions of berserk rage {unknown}
 i - 2 potions of curing {unknown}
 x - a potion of haste {unknown}
 z - a potion of ambrosia {unknown}
 E - a potion of heal wounds
Books
 b - a book of Frost

   Spells                             Type                      Level
   a - Freeze                         Ice                          1
   b - Throw Frost                    Conjuration/Ice              2
   c - Ozocubu's Armour               Charms/Ice                   3
   d - Throw Icicle                   Conjuration/Ice              4
   e - Summon Ice Beast               Ice/Summoning                4
 F - a book of Necromancy

   Spells                             Type                      Level
   a - Pain                           Necromancy                   1
   b - Animate Skeleton               Necromancy                   1
   c - Vampiric Draining              Necromancy                   3
   d - Regeneration                   Charms/Necromancy            3
   e - Animate Dead                   Necromancy                   4
   f - Borgnjor's Vile Clutch         Necromancy/Earth             5
Comestibles
 c - 2 rations
 H - 14 chunks of flesh


   Skills:
 + Level 1.2 Fighting
 + Level 3.3 Dodging
 - Level 2.1 Stealth
 - Level 2.0 Spellcasting
 - Level 0.7 Conjurations
 * Level 8.9 Ice Magic


You couldn't memorise any spells.
You knew the following spells:

 Your Spells              Type           Power        Failure   Level  Hunger
a - Freeze                Ice            ####         1%          1    #......
b - Ozocubu's Armour      Chrm/Ice       ###.....     10%         3    ###....
c - Throw Frost           Conj/Ice       ###...       4%          2    ###....
d - Summon Ice Beast      Ice/Summ       ###.....     32%         4    #####..


Dungeon Overview and Level Annotations

Branches:
Dungeon (5/15)
 Temple: D:4-7

Altars:
Xom
Yredelemnul

Shops:
D:5 (!


Message History

* * * LOW HITPOINT WARNING * * *
Casting: Freeze
Confirm with . or Enter, or press ? or * to list all spells.
Aiming: Freeze
Press: ? - help, Shift-Dir - straight line, f/p - centaur
Aim: a centaur (lightly wounded)
You freeze the centaur.
The centaur is moderately wounded.
The centaur misses you.
Casting: Freeze
Confirm with . or Enter, or press ? or * to list all spells.
Aiming: Freeze
Press: ? - help, Shift-Dir - straight line, f/p - centaur
Aim: a centaur (moderately wounded)
You freeze the centaur.
The centaur is severely wounded.
The centaur hits you!
* * * LOW HITPOINT WARNING * * *
The centaur hits you.
You die...

## .... ......
.... .#####
#... ..... #
... #####
#.#####.#
#.#.⌠.⌠.#
.#####
#...∩..#
......
##.(@⌠.#
######
#.###c.# #
+..###.... #
###.# #####
##.##
#####.########
#............#
##
############.#
#. #.# #.


You could see a centaur.

Vanquished Creatures
  A centaur (D:5)
  A scorpion (D:4)
  2 crimson imps
  2 orc priests
  5 orc wizards
  An iguana (D:4)
  2 worker ants
  A hound zombie (D:5)
  A howler monkey skeleton (D:4)
  5 adders
  A shadow imp (D:5)
  A dart slug (D:2)
  2 leopard geckos (D:2)
  8 orcs
  A ball python (D:5)
  7 bats
  9 goblins
  6 hobgoblins
  2 jackals (D:1)
  2 kobolds
  A quokka (D:3)
  4 frilled lizards
  A quokka skeleton (D:5)
  3 rats
69 creatures vanquished.

Vanquished Creatures (others)
  A plant (D:5)
1 creature vanquished.

Grand Total: 70 creatures vanquished

Notes
Turn   | Place    | Note
-------+----------+-------------------------------------------
     0 | D:1      | toffzen the Merfolk Ice Elementalist began the quest for the Orb.
     0 | D:1      | Reached XP level 1. HP: 13/13 MP: 3/3
   405 | D:1      | Reached XP level 2. HP: 13/19 MP: 0/5
   512 | D:1      | Reached skill level 4 in Ice Magic
   798 | D:2      | Reached XP level 3. HP: 24/24 MP: 6/6
   944 | D:2      | Learned a level 3 spell: Ozocubu's Armour
  1451 | D:2      | Found a basalt altar of Yredelemnul.
  1492 | D:2      | Reached skill level 5 in Ice Magic
  2307 | D:3      | Reached XP level 4. HP: 23/30 MP: 7/7
  2372 | D:3      | Learned a level 2 spell: Throw Frost
  2909 | D:4      | Reached skill level 6 in Ice Magic
  2909 | D:4      | Reached XP level 5. HP: 35/35 MP: 3/8
  3121 | D:4      | Paralysed by an orc for 4 turns
  3406 | D:4      | Found a shimmering altar of Xom.
  3724 | D:4      | Reached skill level 7 in Ice Magic
  3724 | D:4      | Reached XP level 6. HP: 40/41 MP: 3/9
  3882 | D:4      | Found a shimmering altar of Xom.
  3882 | D:4      | Found a shimmering altar of Xom.
  3884 | D:4      | Found a shimmering altar of Xom.
  3885 | D:4      | Found a shimmering altar of Xom.
  3885 | D:4      | Found a shimmering altar of Xom.
  3885 | D:4      | Found a shimmering altar of Xom.
  4401 | D:5      | Entered Level 5 of the Dungeon
  4419 | D:4      | Reached skill level 8 in Ice Magic
  4805 | D:5      | Reached XP level 7. HP: 27/46 MP: 10/10
  4936 | D:5      | Found Ufesesch's Distillery.
  5046 | D:5      | Bought a potion of heal wounds for 75 gold pieces
  5162 | D:5      | Learned a level 4 spell: Summon Ice Beast
  5369 | D:5      | Reached skill level 1 in Fighting
  5534 | D:5      | Found Zajas's Antique Weapon Boutique.
  5541 | D:5      | Slain by a centaur

Skill      XL: |  1  2  3  4  5  6  7 |
---------------+----------------------+-----
Ice Magic      | 4 5 6 7 8 |  8.9
Fighting       | 1 |  1.2
Dodging        | 3 |  3.3
Stealth        | |  2.1
Spellcasting   | |  2.0
Conjurations   | |  0.7

Action                   |  1- 3 |  4- 6 |  7- 9 || total
-------------------------+-------+-------+-------++-------
Melee: Unarmed           |     8 |       |       ||     8
       Dagger            |    33 |    35 |     6 ||    74
Throw: Stone             |       |     8 |     1 ||     9
 Cast: Freeze            |    50 |    53 |    30 ||   133
       Throw Frost       |       |     5 |     4 ||     9
  Use: Scroll            |       |     3 |       ||     3
 Stab: Sleeping          |     4 |       |       ||     4
  Eat: Chunk             |     2 |     2 |     3 ||     7
       Ration            |     1 |     2 |       ||     3
Armor: Robe              |    18 |     8 |     1 ||    27
Dodge: Dodged            |    66 |    50 |    20 ||   136
